AA
OMAHA STORM CHASERS @ TULSA DRILLERS
07/07/1982
 
TOP OF THE 1ST
Omaha Storm Chasers batting - Pitching for Tulsa Drillers : RHP Andy Hawkins
Pitching: RHP Andy Hawkins
Batting: RHB Jay Schellin 0-0: Ball
1-0: Ball
2-0: Ball
3-0: Called Strike
3-1: Base on Balls
Batting: SHB Rafael Landestoy 0-0: Grounds into double play, 4-6-3 (Groundball, 34, EV 87.5 MPH)
Batting: RHB Don Money 0-0: Swinging Strike
0-1: Swinging Strike
0-2: Strikes out swinging
Top of the 1st over - 0 runs, 0 hits, 0 errors, 0 left on base; Omaha 0 - Tulsa 0
BOTTOM OF THE 1ST
Tulsa Drillers batting - Pitching for Omaha Storm Chasers : LHP Brad Havens
Pitching: LHP Brad Havens
Batting: RHB Victor Rios 0-0: Foul Ball, location: 2F
0-1: Ball
1-1: Fly out, F5 (Flyball, 5D, EV 99.4 MPH)
Batting: SHB Paul Householder 0-0: Fly out, F8 (Flyball, 8LD, EV 93.1 MPH)
Batting: LHB Jim Adduci 0-0: Foul Ball, location: 2F
0-1: Swinging Strike
0-2: Ball
1-2: Ball
2-2: Strikes out looking
Bottom of the 1st over - 0 runs, 0 hits, 0 errors, 0 left on base; Omaha 0 - Tulsa 0
TOP OF THE 2ND
Omaha Storm Chasers batting - Pitching for Tulsa Drillers : RHP Andy Hawkins
Batting: RHB Eddie Gates 0-0: Ball
1-0: Foul Ball, location: 2F
1-1: Ball
2-1: Ball
3-1: Foul Ball, location: 2F
3-2: Fly out, F7 (Flyball, 7D, EV 96.3 MPH)
Batting: LHB Donald Elliott 0-0: Ball
1-0: Ball
2-0: Called Strike
2-1: Foul Ball, location: 2F
2-2: Ground out 2-3 (Groundball, 2L, EV 57.5 MPH)
Batting: SHB Larry Bowa 0-0: Foul Ball, location: 2F
0-1: SINGLE (Line Drive, 4MD, EV 95.0 MPH)
Batting: RHB Mike Allport 0-0: Ball
1-0: Ball
2-0: Ground out 4-3 (Groundball, 4, EV 106.3 MPH)
Top of the 2nd over - 0 runs, 1 hit, 0 errors, 1 left on base; Omaha 0 - Tulsa 0
BOTTOM OF THE 2ND
Tulsa Drillers batting - Pitching for Omaha Storm Chasers : LHP Brad Havens
Batting: LHB Mike Pagliarulo 0-0: Swinging Strike
0-1: Ball
1-1: Ball
2-1: Fly out, F7 (Flyball, 7S, EV 84.4 MPH)
Batting: SHB Luis Quinones 0-0: SINGLE (Groundball, 6MS, EV 70.0 MPH) (infield hit)
Batting: RHB Bob E Johnson 0-0: Ball
Luis Quinones steals 2nd base
1-0: Called Strike
1-1: Ball
2-1: SINGLE (Flyball, 89S, EV 98.8 MPH)
Luis Quinones to third
Runner from 3rd tries for Home, SAFE, throw by RF to home
Batting: RHB Nick Belmonte 0-0: Ball
Bob E Johnson is caught stealing 2nd base 2-4
1-0: Ball
2-0: Ground out U3 (Groundball, 34, EV 85.0 MPH)
Bottom of the 2nd over - 1 run, 2 hits, 0 errors, 0 left on base; Omaha 0 - Tulsa 1
TOP OF THE 3RD
Omaha Storm Chasers batting - Pitching for Tulsa Drillers : RHP Andy Hawkins
Batting: RHB Odie Davis 0-0: Ball
1-0: Foul Ball, location: 2F
1-1: Called Strike
1-2: Ball
2-2: Fly out, F5 (Popup, 56S, EV 68.8 MPH)
Batting: LHB Charles Ross 0-0: Called Strike
0-1: Ball
1-1: Ball
2-1: Ball
3-1: Foul Ball, location: 2F
3-2: Fly out, F8 (Flyball, 8RXD, EV 105.0 MPH)
Batting: RHB Jay Schellin 0-0: Ball
1-0: Ball
2-0: Called Strike
2-1: Ball
3-1: Called Strike
3-2: Strikes out swinging
Top of the 3rd over - 0 runs, 0 hits, 0 errors, 0 left on base; Omaha 0 - Tulsa 1
BOTTOM OF THE 3RD
Tulsa Drillers batting - Pitching for Omaha Storm Chasers : LHP Brad Havens
Batting: RHB Michael Johnson 0-0: Ground out 6-3 (Groundball, 6S, EV 82.5 MPH)
Batting: RHB Onix Concepcion 0-0: SINGLE (Groundball, 5S, EV 67.5 MPH) (infield hit)
Batting: RHB Victor Rios 0-0: Single, Error in OF, E8, batter to second base (Groundball, 6D, EV 97.5 MPH)
Onix Concepcion to third
Batting: SHB Paul Householder 0-0: Called Strike
0-1: Called Strike
0-2: Strikes out looking
Batting: LHB Jim Adduci 0-0: Called Strike
0-1: Ball
1-1: Fly out, F7 (Flyball, 7LS, EV 86.9 MPH)
Bottom of the 3rd over - 0 runs, 2 hits, 1 error, 2 left on base; Omaha 0 - Tulsa 1
TOP OF THE 4TH
Omaha Storm Chasers batting - Pitching for Tulsa Drillers : RHP Andy Hawkins
Batting: SHB Rafael Landestoy 0-0: Ball
1-0: Called Strike
1-1: Swinging Strike
1-2: Fly out, F5 (Popup, 5SF, EV 83.8 MPH)
Batting: RHB Don Money 0-0: Ball
1-0: Fly out, F6 (Flyball, 56D, EV 82.5 MPH)
Batting: RHB Eddie Gates 0-0: Foul Ball, location: 2F
0-1: Ball
1-1: Ball
2-1: Foul Ball, location: 2F
2-2: Ball
3-2: Ground out 5-3 (Groundball, 15, EV 79.4 MPH)
Top of the 4th over - 0 runs, 0 hits, 0 errors, 0 left on base; Omaha 0 - Tulsa 1
BOTTOM OF THE 4TH
Tulsa Drillers batting - Pitching for Omaha Storm Chasers : LHP Brad Havens
Batting: LHB Mike Pagliarulo 0-0: Fly out, F8 (Line Drive, 8LD, EV 99.4 MPH)
Batting: SHB Luis Quinones 0-0: Called Strike
0-1: Swinging Strike
0-2: Strikes out swinging
Batting: RHB Bob E Johnson 0-0: Swinging Strike
0-1: Foul Ball, location: 2F
0-2: Foul Ball, location: 2F
0-2: Ball
1-2: Ground out 5-3 (Groundball, 56S, EV 85.6 MPH)
Bottom of the 4th over - 0 runs, 0 hits, 0 errors, 0 left on base; Omaha 0 - Tulsa 1
TOP OF THE 5TH
Omaha Storm Chasers batting - Pitching for Tulsa Drillers : RHP Andy Hawkins
Batting: LHB Donald Elliott 0-0: Ball
1-0: Called Strike
1-1: Foul Ball, location: 2F
1-2: Ball
2-2: SINGLE (Flyball, 78S, EV 90.6 MPH)
Batting: SHB Larry Bowa 0-0: Foul Ball, location: 2F
0-1: Ball
1-1: Ball
2-1: Foul Ball, location: 2F
2-2: SINGLE (Line Drive, 9S, EV 85.0 MPH)
Donald Elliott to second
Runner from 2nd tries for 3rd, SAFE, no throw by RF
Batting: RHB Mike Allport 0-0: Ball
1-0: Ball
2-0: Ball
3-0: Called Strike
3-1: Fly out, F4 (Line Drive, 4, EV 65.0 MPH)
Batting: RHB Odie Davis 0-0: Called Strike
0-1: Foul Ball, location: 2F
0-2: Foul Ball, location: 2F
0-2: Foul Ball, location: 2F
0-2: Foul Ball, location: 2F
0-2: Ball
1-2: Ball
2-2: DOUBLE (Line Drive, 9LM, EV 97.5 MPH)
Donald Elliott scores
Larry Bowa to third
Runner from 3rd tries for Home, SAFE, no throw by RF
Batting: LHB Charles Ross 0-0: Ball
1-0: Called Strike
1-1: Called Strike
1-2: Ball
2-2: Ball
3-2: SINGLE (Groundball, 34D, EV 111.3 MPH)
Odie Davis to third
Runner from 3rd tries for Home, SAFE, throw by RF to home
Batting: RHB Jay Schellin 0-0: Ball
1-0: Fielders Choice at 2nd, 6-4 (Groundball, 6, EV 79.4 MPH)
Batting: SHB Rafael Landestoy 0-0: Ground out 4-3 (Groundball, 34, EV 86.9 MPH)
Top of the 5th over - 3 runs, 4 hits, 0 errors, 1 left on base; Omaha 3 - Tulsa 1
BOTTOM OF THE 5TH
Tulsa Drillers batting - Pitching for Omaha Storm Chasers : LHP Brad Havens
Batting: RHB Nick Belmonte 0-0: Swinging Strike
0-1: Called Strike
0-2: Foul Ball, location: 2F
0-2: Ball
1-2: Foul Ball, location: 2F
1-2: Ball
2-2: SINGLE (Line Drive, 7S, EV 98.1 MPH)
Batting: RHB Michael Johnson 0-0: Ball
1-0: Called Strike
1-1: Foul Ball, location: 2F
1-2: Ball
2-2: Foul Ball, location: 2F
2-2: Ball
3-2: Fly out, F2 (Popup, 2R, EV 91.9 MPH)
Batting: RHB Onix Concepcion 0-0: Ball
1-0: Ball
2-0: Ball
3-0: Base on Balls
Nick Belmonte to second
Batting: RHB Victor Rios 0-0: Called Strike
0-1: Called Strike
0-2: Ball
1-2: Grounds into double play, 4-6-3 (Groundball, 4, EV 110.6 MPH)
Bottom of the 5th over - 0 runs, 1 hit, 0 errors, 1 left on base; Omaha 3 - Tulsa 1
TOP OF THE 6TH
Omaha Storm Chasers batting - Pitching for Tulsa Drillers : RHP Andy Hawkins
Batting: RHB Don Money 0-0: Ball
1-0: Called Strike
1-1: Swinging Strike
1-2: Ball
2-2: Ball
3-2: Foul Ball, location: 2F
3-2: Strikes out looking
Batting: RHB Eddie Gates 0-0: Called Strike
0-1: Ground out 6-3 (Groundball, 56, EV 83.1 MPH)
Batting: LHB Donald Elliott 0-0: Foul Ball, location: 2F
0-1: Ball
1-1: Swinging Strike
1-2: Ball
2-2: Reached on error, E6 (Groundball, 6S, EV 63.1 MPH)
Batting: SHB Larry Bowa Pickoff Throw to First - Out! 1-3
Top of the 6th over - 0 runs, 0 hits, 1 error, 0 left on base; Omaha 3 - Tulsa 1
BOTTOM OF THE 6TH
Tulsa Drillers batting - Pitching for Omaha Storm Chasers : LHP Brad Havens
Batting: SHB Paul Householder 0-0: Ball
1-0: Called Strike
1-1: Swinging Strike
1-2: Foul Ball, location: 2F
1-2: Ball
2-2: Foul Ball, location: 2F
2-2: Foul Ball, location: 2F
2-2: Fly out, F7 (Flyball, 78S, EV 83.8 MPH)
Batting: LHB Jim Adduci 0-0: Swinging Strike
0-1: Ball
1-1: Called Strike
1-2: Strikes out swinging
Batting: LHB Mike Pagliarulo 0-0: Ball
1-0: Ground out 1-3 (Groundball, 34S, EV 66.9 MPH)
Bottom of the 6th over - 0 runs, 0 hits, 0 errors, 0 left on base; Omaha 3 - Tulsa 1
TOP OF THE 7TH
Omaha Storm Chasers batting - Pitching for Tulsa Drillers : RHP Andy Hawkins
Batting: SHB Larry Bowa 0-0: Called Strike
0-1: Ball
1-1: Foul Ball, location: 2F
1-2: Ball
2-2: Ground out 4-3 (Groundball, 4, EV 93.1 MPH)
Batting: RHB Mike Allport 0-0: Called Strike
0-1: Ball
1-1: Swinging Strike
1-2: Foul Ball, location: 2F
1-2: SINGLE (Flyball, 6MD, EV 90.0 MPH)
Batting: RHB Odie Davis 0-0: Ball
1-0: Ball
Mike Allport steals 2nd base
2-0: Ground out 4-3 (Groundball, 4M, EV 93.1 MPH)
Mike Allport to third
Batting: LHB Charles Ross 0-0: Ball
1-0: Ball
2-0: Fly out, F7 (Line Drive, 7D, EV 96.9 MPH)
Top of the 7th over - 0 runs, 1 hit, 0 errors, 1 left on base; Omaha 3 - Tulsa 1
BOTTOM OF THE 7TH
Tulsa Drillers batting - Pitching for Omaha Storm Chasers : LHP Brad Havens
Batting: SHB Luis Quinones 0-0: Fly out, F9 (Flyball, 9LS, EV 78.8 MPH)
Batting: RHB Bob E Johnson 0-0: Ball
1-0: Ball
2-0: Ball
3-0: Base on Balls
Batting: RHB Nick Belmonte 0-0: Fielders Choice at 2nd, 5-4 (Groundball, 56S, EV 91.3 MPH)
Batting: RHB Michael Johnson 0-0: Foul Ball, location: 2F
0-1: Ball
1-1: Ball
2-1: Ball
3-1: Fly out, F9 (Flyball, 9, EV 91.9 MPH)
Bottom of the 7th over - 0 runs, 0 hits, 0 errors, 1 left on base; Omaha 3 - Tulsa 1
TOP OF THE 8TH
Omaha Storm Chasers batting - Pitching for Tulsa Drillers : RHP Andy Hawkins
Batting: RHB Jay Schellin 0-0: Swinging Strike
0-1: Foul Ball, location: 2F
0-2: Ball
1-2: Ball
2-2: Foul Ball, location: 2F
2-2: Foul Ball, location: 2F
2-2: Ground out 6-3 (Groundball, 6, EV 88.1 MPH)
Batting: SHB Rafael Landestoy 0-0: Ball
1-0: Called Strike
1-1: Foul Ball, location: 2F
1-2: SINGLE (Line Drive, 78S, EV 96.9 MPH)
Batting: RHB Don Money 0-0: Ball
1-0: Foul Ball, location: 2F
1-1: Foul Ball, location: 2F
1-2: Ball
2-2: Foul Ball, location: 2F
2-2: Foul Ball, location: 2F
2-2: Grounds into double play, 4-6-3 (Groundball, 4, EV 88.1 MPH)
Top of the 8th over - 0 runs, 1 hit, 0 errors, 0 left on base; Omaha 3 - Tulsa 1
BOTTOM OF THE 8TH
Tulsa Drillers batting - Pitching for Omaha Storm Chasers : LHP Brad Havens
Batting: RHB Onix Concepcion 0-0: Foul Ball, location: 2F
0-1: Ground out U3 (Groundball, 3, EV 84.4 MPH)
Batting: RHB Victor Rios 0-0: Ball
1-0: Called Strike
1-1: Ball
2-1: Called Strike
2-2: Strikes out swinging
Batting: SHB Paul Householder 0-0: Foul Ball, location: 2F
0-1: Ball
1-1: Called Strike
1-2: Ball
2-2: Ball
3-2: Strikes out swinging
Bottom of the 8th over - 0 runs, 0 hits, 0 errors, 0 left on base; Omaha 3 - Tulsa 1
TOP OF THE 9TH
Omaha Storm Chasers batting - Pitching for Tulsa Drillers : RHP Andy Hawkins
Batting: RHB Eddie Gates 0-0: Ground out 5-3 (Groundball, 5L, EV 83.1 MPH)
Batting: LHB Donald Elliott 0-0: Ball
1-0: Foul Ball, location: 2F
1-1: Ground out 2-3 (Groundball, 13S, EV 65.0 MPH)
Batting: SHB Larry Bowa 0-0: Ball
1-0: Foul Ball, location: 2F
1-1: Ball
2-1: Ground out U3 (Groundball, 34S, EV 67.5 MPH)
Top of the 9th over - 0 runs, 0 hits, 0 errors, 0 left on base; Omaha 3 - Tulsa 1
BOTTOM OF THE 9TH
Tulsa Drillers batting - Pitching for Omaha Storm Chasers : LHP Brad Havens
Batting: LHB Jim Adduci 0-0: Foul Ball, location: 2F
0-1: Reached on error, E6 (Groundball, 6M, EV 103.1 MPH)
Batting: LHB Mike Pagliarulo 0-0: Ball
1-0: Fly out, F4 (Flyball, 4D, EV 83.1 MPH)
Batting: SHB Luis Quinones 0-0: Called Strike
0-1: Ball
1-1: Ball
2-1: Ball
3-1: Fly out, F4 (Line Drive, 4, EV 68.1 MPH)
Batting: RHB Bob E Johnson 0-0: Foul Ball, location: 2F
0-1: Ball
1-1: Ball
2-1: Ball
3-1: Fly out, F8 (Line Drive, 8RM, EV 98.8 MPH)
Bottom of the 9th over - 0 runs, 0 hits, 1 error, 1 left on base; Omaha 3 - Tulsa 1
Thursday, August 13th, 2020 - OOTP Baseball 21.5 Build 76